 Dungeon Crawl Stone Soup version 0.28.0-49-g6dfe1f597d (webtiles) character file.

Game seed: 11205861646015135690

10686 Atelerd the Thaumaturge (level 11, -6/67 HPs)
             Began as an Octopode Earth Elementalist on May 12, 2022.
             Was a Priest of Sif Muna.
             Mangled by a two-headed ogre simulacrum (28 damage)
             ... in an ice cave.
             The game lasted 00:36:16 (12649 turns).

Atelerd the Thaumaturge (OpEE)                     Turns: 12649, Time: 00:36:17

Health: -6/67      AC:  3    Str: 20    XL:     11   Next: 66%
Magic:  18/24      EV: 19    Int: 22    God:    Sif Muna [***...]
Gold:   56         SH:  0    Dex: 18    Spells: 2/28 levels left

rFire   . . .      SeeInvis .   b - +10 long sword of Disorder {spect, Fly}
rCold   . . .      Faith    .   (no shield)
rNeg    . . .      Spirit   .   g - +2 hat
rPois   +          Reflect  .   D - amulet of regeneration
rElec   .          Harm     .   k - +6 ring of strength
rCorr   .          Rampage  .   m - +4 ring of evasion
Will    .....                   s - ring of poison resistance
Stlth   ++++......              J - +6 ring of strength
HPRegen 1.01/turn               M - +6 ring of dexterity
MPRegen 0.19/turn               (no ring)
                                (no ring)
                                (no ring)

@: flying
A: almost no armour, amphibious, 8 rings, camouflage 1, gelatinous body 1,
(nimble swimmer 1), tentacles
a: Renounce Religion, Channel Magic, Forget Spell


You were in an ice cave.
You worshipped Sif Muna.
Sif Muna was most pleased with you.
You visited 3 branches of the dungeon, and saw 11 of its levels.
You also visited: Ice Cave.

You collected 509 gold pieces.
You spent 453 gold pieces at shops.

Inventory:

Hand Weapons
 a - the +3 dagger of Invincibility {flame, Dex+3}
   (You found it on level 5 of the Dungeon)

   It burns those it strikes, dealing additional fire damage.
   Dex:       It affects your dexterity (+3).
 b - the +10 long sword of Disorder (weapon) {spect, Fly}
   (You bought it in a shop on level 8 of the Dungeon)

   When its wielder attacks, the weapon's spirit leaps out and strikes again.
   The spirit shares a part of any damage it takes with its wielder.
   Fly:       It grants you flight.
 d - a +0 short sword
 f - a +0 falchion of holy wrath
Missiles
 t - a throwing net
 y - 25 stones
Armour
 g - a +2 hat (worn)
Jewellery
 e - an amulet of magic regeneration
 k - a +6 ring of strength (left tentacle)
 m - a +4 ring of evasion (right tentacle)
 s - a ring of poison resistance (on tentacle)
 D - an amulet of regeneration (around mantle)
 J - a +6 ring of strength (on tentacle)
 M - a +6 ring of dexterity (on tentacle)
Wands
 q - a wand of flame (11)
 r - a wand of charming (2)
 H - a wand of paralysis (13)
Scrolls
 c - a scroll of fog
 j - 3 scrolls of noise
 l - a scroll of fear
 u - a scroll of enchant armour {unknown}
 v - 3 scrolls of torment {unknown}
 w - 5 scrolls of teleportation {unknown}
 x - a scroll of silence {unknown}
 G - a scroll of magic mapping {unknown}
 I - a scroll of immolation {unknown}
Potions
 h - 2 potions of degeneration
 i - 2 potions of magic
 o - a potion of brilliance
 p - a potion of attraction
 z - a potion of lignification {unknown}
 A - 4 potions of curing
 B - a potion of might {unknown}
 E - a potion of invisibility {unknown}
 F - a potion of mutation {unknown}
 N - a potion of resistance
 O - a potion of haste {unknown}


   Skills:
 - Level 3.0 Fighting
 - Level 3.0 Short Blades
 - Level 4.0 Dodging
 + Level 5.6 Stealth
 - Level 0.2 Unarmed Combat
 + Level 9.4 Spellcasting
 - Level 6.0 Conjurations
 - Level 3.0 Transmutations
 - Level 2.0 Ice Magic
 - Level 6.0 Air Magic
 - Level 8.1 Earth Magic
 - Level 4.0 Poison Magic
 * Level 5.5 Invocations


You had 2 spell levels left.
You knew the following spells:

 Your Spells              Type           Power      Damage    Failure   Level
a - Sandblast             Erth           92%        2d19      1%          1
b - Mephitic Cloud        Conj/Pois/Air  33%        N/A       2%          3
c - Freezing Cloud        Conj/Ice/Air   15%        6-21      26%         5
e - Olgreb's Toxic Radia  Pois           27%        N/A       12%         4
f - Ignite Poison         Fire/Tmut/Pois 20%        N/A       8%          3
l - Lee's Rapid Deconstr  Erth           23%        3d14*     6%          5
p - Petrify               Tmut/Erth      35%        N/A       6%          4
s - Sting                 Tmut/Pois      100%       1d8       1%          1

Your spell library contained the following spells:

 Spells                   Type           Power      Damage    Failure   Level
 Passwall                 Tmut/Erth      29%        N/A       1%          2
 Poisonous Vapours        Pois/Air       64%        N/A       1%          2
 Wereblood                Tmut           23%        N/A       2%          2
 Ensorcelled Hibernation  Hex/Ice        28%        N/A       6%          2
 Sublimation of Blood     Necr           10%        N/A       10%         2
 Stone Arrow              Conj/Erth      82%        3d12      1%          3
 Swiftness                Air            36%        N/A       1%          3
 Gell's Gravitas          Tloc           10%        N/A       19%         3
 Teleport Other           Tloc           10%        N/A       19%         3
 Fulminant Prism          Conj/Hex       11%        3d9       19%         4
 Iskenderun's Mystic Bla  Conj/Tloc      23%        2d6       19%         4
 Animate Dead             Necr           5%         N/A       54%         4
 Dispersal                Tloc           5%         N/A       100%        6
 Haunt                    Necr/Summ      5%         N/A       100%        7
 Summon Hydra             Summ           5%         N/A       100%        7
 Infestation              Necr           5%         N/A       100%        8


Dungeon Overview and Level Annotations

Branches:
Dungeon (9/15)             Temple (1/1) D:4            Lair (1/6) D:8
  IceCv (1/1)
    Orc: D:9-12

Altars:
Cheibriados
Dithmenos
Elyvilon
Gozag
Kikubaaqudgha
Makhleb
Nemelex Xobeh
Ru
Sif Muna
Trog
Uskayaw
Vehumet
Xom

Shops:
D:5 [   D:8 :!(*

Annotations:
D:3 exclusion: downstairs
D:4 2 transporters, exclusion: downstairs, TroggerJogger's ghost, amateur DgWr
D:6 exclusion: 2 downstairs
D:9 2 transporters, exclusion: upstairs, H0rd4k's ghost, novice DEWz


Innate Abilities, Weirdness & Mutations

You cannot wear most types of armour.
You are amphibious.
You can wear up to eight rings at the same time.
Your skin changes colour to match your surroundings (Stealth+).
Your rubbery body absorbs attacks. (AC +1, EV +1)
((You are camouflaged when in or above water. (Stealth+)))
You have tentacles for arms and can constrict up to eight enemies at once.


Message History

Press: ? - help, Shift-Dir - straight line, f - two-headed ogre simulacrum
Aim: a two-headed ogre simulacrum (wandering, hasn't noticed you, chance to affect: 69%)
Okay, then.
Press: ? - help, v - describe, . - travel
Here: a two-headed ogre simulacrum (wandering, hasn't noticed you)
The floor.
Casting: Petrify (dangerous; 6% risk of failure)
Confirm with . or Enter, or press ? or * to list all spells.
Okay, then.
What are your orders? t - Shout!
Orders for allies: a - Attack new target. r - Retreat! s - Stop attacking. g - Guard the area. f - Follow me.
Anything else - Cancel.
You shout for attention!
Casting: Petrify (dangerous; 6% risk of failure)
Confirm with . or Enter, or press ? or * to list all spells.
Aiming: Petrify (dangerous; 6% risk of failure)
Press: ? - help, Shift-Dir - straight line, f - two-headed ogre simulacrum
Aim: a two-headed ogre simulacrum (chance to affect: 69%)
The two-headed ogre simulacrum struggles to resist.
Casting: Petrify (dangerous; 6% risk of failure)
Confirm with . or Enter, or press ? or * to list all spells.
Aiming: Petrify (dangerous; 6% risk of failure)
Press: ? - help, Shift-Dir - straight line, f/p - two-headed ogre simulacrum
Aim: a two-headed ogre simulacrum (chance to affect: 69%)
The two-headed ogre simulacrum is moving more slowly.
Casting: Petrify (dangerous; 6% risk of failure)
Confirm with . or Enter, or press ? or * to list all spells.
Okay, then.
You catch the helpless two-headed ogre simulacrum completely off-guard!
You hit the two-headed ogre simulacrum.
The two-headed ogre simulacrum is lightly damaged.
Your +10 long sword of Disorder {spect, Fly} hits the two-headed ogre simulacrum!
The two-headed ogre simulacrum hits you!
The two-headed ogre simulacrum freezes you!!
The two-headed ogre simulacrum hits you!
The two-headed ogre simulacrum freezes you!!
You die...

#.#### #..#
#..### ##.#
##.# #..#
##.# #.###.##
#.####
#..##..#
##.#.##
##.###.#
#....##
##.##.##
#.#.#..####
#.##..#
#...##....##
#.###.#
##.###.#@(.##
#.###.## .#
##..Z..#
#..##..# #.
##.#..##
##.###.## #.
####..#
#.###..# #
####Z##
#..#..##
#[#...#
##.#.##
####.##.#
#...#
##..####.#
#...#
#.Z.###..#
##.##


You could see 2 two-headed ogre simulacra and a friendly +10 long sword of
Disorder {spect, Fly} (summoned, wandering).

Vanquished Creatures
  A hydra (Lair:1)
  A centaur warrior (D:8)
  Erica (D:9)
  A two-headed ogre (D:9)
  Pikel (D:7)
  A deep elf pyromancer (D:8)
  A cane toad (Lair:1)
  2 trolls (D:9)
  A hornet (D:7)
  A vampire (D:9)
  2 wraiths
  A yak (D:9)
  4 water moccasins
  An acid dragon (D:9)
  Duvessa (D:7)
  3 orc warriors
  3 black bears
  A hornet zombie (D:7)
  A sky beast (D:6)
  An ice beast (D:5)
  An ogre (D:5)
  2 centaurs (D:8)
  A necrophage (D:5)
  A lemure (D:6)
  5 bullfrogs
  A wyvern zombie (D:8)
  2 cane toad simulacra (IceCv)
  4 scorpions
  2 wyvern skeletons (D:7)
  Dowan (D:7)
  37 killer bees
  An elephant simulacrum (IceCv)
  An electric eel (D:8)
  2 howler monkeys
  3 jellies
  2 centaur zombies
  A gnoll shaman (D:6)
  5 orc priests
  5 hounds
  A centaur skeleton (D:5)
  Crazy Yiuf (D:7)
  2 bullfrog skeletons
  2 iguanas
  6 orc wizards
  3 spriggan simulacra (IceCv)
  4 troll simulacra (IceCv)
  3 wolf simulacra (IceCv)
  2 killer bee zombies (D:9)
  A howler monkey zombie (D:9)
  5 gnolls
  5 adders
  2 naga simulacra (IceCv)
  2 shadow imps
  4 white imps (IceCv)
  5 ufetubi
  4 dart slugs
  33 orcs
  8 ball pythons
  5 bats
  6 endoplasms
  4 giant cockroaches
  4 hobgoblins
  4 kobolds
  2 quokkas
  3 frilled lizards
  3 goblins
  5 rats
235 creatures vanquished.

Vanquished Creatures (collateral kills)
  A basilisk (Lair:1)
  A killer bee (D:8)
2 creatures vanquished.

Vanquished Creatures (others)
  A killer bee (D:8)
  7 fungi
  3 plants (Lair:1)
11 creatures vanquished.

Grand Total: 248 creatures vanquished

Notes
Turn   | Place    | Note
-------+----------+-------------------------------------------
     0 | D:1      | Atelerd the Octopode Earth Elementalist began the quest for
                  | the Orb.
     0 | D:1      | Reached XP level 1. HP: 11/11 MP: 3/3
   247 | D:1      | Reached XP level 2. HP: 9/17 MP: 3/5
   399 | D:1      | You fall into a shaft and drop 1 floor!
   841 | D:1      | Found a faded altar of an unknown god.
   959 | D:1      | Reached XP level 3. HP: 21/21 MP: 4/6
  1113 | D:2      | Reached XP level 4. HP: 17/27 MP: 6/8
  1387 | D:2      | Reached skill level 3 in Spellcasting
  1497 | D:2      | Reached XP level 5. HP: 6/31 MP: 5/9
  2356 | D:3      | Reached skill level 4 in Spellcasting
  2685 | D:3      | Reached XP level 6. HP: 36/36 MP: 12/12
  3185 | D:4      | Found a transporter.
  3253 | D:4      | Found a transporter.
  3259 | D:4      | Reached skill level 5 in Earth Magic
  3265 | D:4      | Noticed TroggerJogger's ghost (amateur DgWr)
  3267 | D:4      | Found a staircase to the Ecumenical Temple.
  3271 | D:4      | Noticed an ice beast
  3299 | D:3      | Learned a level 4 spell: Petrify
  3332 | D:4      | HP: 1/36 [orc/+0 dagger (3)]
  3806 | Temple   | Entered the Ecumenical Temple
  3833 | Temple   | Became a worshipper of Sif Muna the Loreminder
  3906 | D:4      | Found a shadowy altar of Dithmenos.
  4441 | D:5      | Entered Level 5 of the Dungeon
  4445 | D:5      | Identified the +3 dagger of Invincibility {flame, Dex+3}
  4506 | D:5      | Found Ocuadghi's Antique Armour Shoppe.
  4541 | D:5      | Learned a level 4 spell: Olgreb's Toxic Radiance
  4571 | D:5      | Found an opulent altar of Gozag.
  4600 | D:5      | Noticed a necrophage
  4608 | D:5      | Killed a necrophage
  4609 | D:5      | Reached XP level 7. HP: 33/41 MP: 10/13
  5152 | D:5      | Found a burning altar of Makhleb.
  5152 | D:5      | Found a sacrificial altar of Ru.
  5524 | D:6      | Reached skill level 5 in Spellcasting
  5857 | D:6      | Learned a level 1 spell: Sting
  5888 | D:6      | Reached XP level 8. HP: 38/46 MP: 13/15
  5967 | D:6      | Learned a level 5 spell: Lee's Rapid Deconstruction
  5986 | D:6      | Reached skill level 1 in Poison Magic
  6084 | D:6      | Reached skill level 5 in Stealth
  6480 | D:7      | Noticed a hornet
  6500 | D:7      | Noticed Pikel
  6508 | D:6      | Reached skill level 6 in Spellcasting
  6653 | D:7      | Killed a hornet
  6653 | D:7      | Reached * piety under Sif Muna
  6699 | D:7      | Reached XP level 9. HP: 43/51 MP: 13/19
  6724 | D:7      | Noticed Duvessa
  6737 | D:7      | Noticed Dowan
  6745 | D:7      | Killed Duvessa
  6746 | D:7      | Reached skill level 7 in Spellcasting
  6747 | D:7      | Killed Dowan
  6869 | D:7      | Learned a level 3 spell: Mephitic Cloud
  6873 | D:7      | Learned a level 3 spell: Ignite Poison
  6948 | D:7      | Killed Pikel
  7628 | D:7      | Reached skill level 8 in Spellcasting
  8155 | D:7      | Found a runed translucent door.
  8156 | D:7      | Noticed Crazy Yiuf
  8165 | D:7      | Killed Crazy Yiuf
  8351 | D:5      | Reached skill level 1 in Short Blades
  8405 | D:5      | Found a hide-covered altar of Uskayaw.
  8487 | D:5      | Reached skill level 1 in Invocations
  8531 | D:5      | Reached skill level 1 in Fighting
  8542 | D:5      | Reached XP level 10. HP: 58/58 MP: 7/22
  8795 | D:8      | Found Muxaididd's Book Shoppe.
  8796 | D:8      | Found Gijong's Distillery.
  8798 | D:8      | Found Jeohegeb's Antique Weapon Boutique.
  8812 | D:8      | Bought a steaming long sword for 229 gold pieces
  8812 | D:8      | Identified the +10 long sword of Disorder {spect, Fly} (You
                  | bought it in a shop on level 8 of the Dungeon)
  8816 | D:8      | Bought a potion of heal wounds for 65 gold pieces
  8816 | D:8      | Bought a potion of cancellation for 104 gold pieces
  8933 | D:8      | Found a staircase to the Lair.
  9130 | D:8      | Reached ** piety under Sif Muna
  9410 | D:8      | Noticed a deep elf pyromancer
  9423 | D:8      | Killed a deep elf pyromancer
  9931 | D:8      | Noticed an elephant
 10146 | D:8      | Noticed a centaur warrior
 10167 | D:9      | Found a bloodstained altar of Trog.
 10167 | D:9      | Noticed a tengu warrior
 10168 | D:9      | Noticed a two-headed ogre
 10169 | D:9      | Noticed H0rd4k's ghost (novice DEWz)
 10172 | D:9      | Noticed a moth of wrath
 10199 | D:9      | Learned a level 5 spell: Freezing Cloud
 10270 | D:9      | Found a transporter.
 10289 | D:9      | Found a transporter.
 10499 | D:9      | Noticed Erica
 10509 | D:9      | Killed Erica
 10510 | D:9      | Reached skill level 5 in Conjurations
 10510 | D:9      | Reached skill level 1 in Ice Magic
 10510 | D:9      | Reached skill level 5 in Air Magic
 10510 | D:9      | Reached XP level 11. HP: 67/67 MP: 0/23
 10725 | D:9      | Reached *** piety under Sif Muna
 10726 | D:9      | Reached skill level 9 in Spellcasting
 10934 | D:9      | Noticed a manticore
 10934 | D:9      | Noticed a two-headed ogre
 10934 | D:9      | Noticed a centaur warrior
 10934 | D:9      | Noticed a red ugly thing
 10935 | D:9      | Noticed a two-headed ogre
 10935 | D:9      | Noticed a deep elf pyromancer
 10947 | D:9      | Killed a two-headed ogre
 11265 | D:8      | Killed a centaur warrior
 11334 | D:8      | Found Herate's Hallowed Reliquary.
 11335 | D:8      | Noticed an angel
 11341 | D:8      | Bought a potion of heal wounds for 55 gold pieces
 11440 | Lair:1   | Entered Level 1 of the Lair of Beasts
 11646 | Lair:1   | Noticed a five-headed hydra
 11671 | Lair:1   | Killed a five-headed hydra
 11700 | Lair:1   | Reached skill level 5 in Invocations
 11869 | Lair:1   | Found a frozen archway.
 11875 | IceCv    | Entered an ice cave
 12649 | IceCv    | Mangled by a two-headed ogre simulacrum

Illustrated notes

Levels and vault maps discovered:
D:1:      saegor_arrival_simple_c, layout_rooms,
          shapermc_ecumenical_altar_mp_vishouse,
          nicolae_concentric_dashed_squares_wild
D:2:      layout_basic
D:3:      layout_basic, minmay_hedge_maze
D:4:      layout_loops_ring, lemuel_round_altar,
          minmay_temple_entry_stoned_glass, gammafunk_ghost_stat_death,
          cheibrodos_gnoll_hut
D:5:      layout_loops_ring, grunt_gozag_breadcrumbs,
          grunt_temple_overflow_open, nicolae_uskayaw_suspiria, serial_shops,
          nicolae_shop_trees, minmay_misc_feat_tower, minmay_misc_feat_ornament,
          kennysheep_dice
D:6:      minmay_spotlight, layout_rooms, kennysheep_generic_room_15
D:7:      layout_layer_cave, uniq_duvessa, uniq_pikel, uniq_crazy_yiuf_cottage
D:8:      wad_woods_minihive, layout_loops_corners, nicolae_wooded_promenade,
          nrook_loot_triangle, nicolae_good_shop
D:9:      minmay_the_grid_triangle_9x9_rhombus_thin_mashed
          [minmay_the_grid_triangle_9x9_corruption,
          minmay_the_grid_triangle_9x9_prize_top_heavy,
          minmay_the_grid_triangle_9x9_negative_grid,
          minmay_the_grid_triangle_9x9_skeleton], layout_basic,
          nicolae_tso_swordbearing_angel, serial_shops, kennysheep_mini,
          gammafunk_ghost_wrathful_warriors, hangedman_decor_riveting,
          uniq_erica
Temple:   eino_temple_scatter_basement
Lair:1:   layout_roguey, portal_ice_cave_entry_pillars_1
IceCv:    ice_cave_caverns_01

Skill      XL: |  1  2  3  4  5  6  7  8  9 10 11 |
---------------+----------------------------------+-----
Earth Magic    | 4 5 6 7 8 |  8.1
Spellcasting   | 3 4 5 6 8 9 |  9.4
Transmutations | 2 3 |  3.0
Stealth        | 4 5 |  5.6
Poison Magic   | 1 2 4 |  4.0
Conjurations   | 3 5 6 |  6.0
Air Magic      | 3 5 6 |  6.0
Short Blades   | 1 3 |  3.0
Invocations    | 1 2 5 |  5.5
Fighting       | 1 3 |  3.0
Dodging        | 4 |  4.0
Ice Magic      | 1 2 |  2.0
Unarmed Combat | |  0.2

Action                   |  1- 3 |  4- 6 |  7- 9 | 10-12 || total
-------------------------+-------+-------+-------+-------++-------
Melee: Short sword       |     9 |    39 |       |       ||    48
       Unarmed           |     2 |       |       |       ||     2
       Constrict         |     3 |    12 |    34 |    15 ||    64
       Tentacles         |     2 |     7 |    44 |    26 ||    79
       Punch             |     1 |     1 |     1 |     2 ||     5
       Dagger            |       |     4 |   127 |    71 ||   202
       Long sword        |       |       |       |    18 ||    18
 Cast: Sandblast         |    33 |    76 |    14 |    31 ||   154
       Petrify           |       |     3 |    29 |    46 ||    78
       Sting             |       |       |     8 |    22 ||    30
       Lee's Rapid Decon |       |       |     4 |     7 ||    11
       Olgreb's Toxic Ra |       |       |     3 |    14 ||    17
       Ignite Poison     |       |       |     2 |    14 ||    16
       Mephitic Cloud    |       |       |     2 |    13 ||    15
Invok: Channel Magic     |       |       |       |     3 ||     3
Evoke: Wand              |       |       |       |     5 ||     5
  Use: Scroll            |       |     3 |     5 |     7 ||    15
       Potion            |       |     1 |       |     7 ||     8
 Stab: Sleeping          |     1 |     7 |     4 |     6 ||    18
       Petrified         |       |       |    48 |    32 ||    80
       Confused          |       |       |     1 |     1 ||     2
       Petrifying        |       |       |       |     5 ||     5
Armor: Skin              |     2 |    12 |    11 |    14 ||    39
Dodge: Dodged            |    13 |    65 |    60 |   129 ||   267
